AoeStats
← mryendl2410

Arena

509881307Analyzed
4v4 RM · 3d ago on Sep 28, 2026· 28m 7s· 8 players
Game mode
Random Map
Map size
Large (8 player)
Population
200
Speed
Normal
Resources
Standard
Victory
Conquest
Starting age
Dark Age
Ending age
Imperial Age
RankedLock teamsTeams togetherTeam positionsShared explorationLock speedFull tech treeHidden civsTurbo modeCheats
Victory
Defeat
🇨🇳 Malians · China
1355
+13
🇻🇳 Lithuanians · Vietnam
1315
+14
🇻🇳 Italians · Vietnam
1301
+15
🇨🇳 Byzantines · China
1266
+16
🇨🇳 Goths · China
1291
-15
🇨🇳 Chinese · China
1281
-15
🇻🇳 Saxons · Vietnam
1276
-14
🇧🇩 Turks · Bangladesh
1269
-14
Valodimer
7:30 Loom
9:33 Feudal Age
10:53 Double-Bit Axe
11:50 Wheelbarrow
17:04 Castle Age
17:55 Horse Collar
18:28 Bow Saw
25:05 Heavy Plow
26:11 Stone Mining
30:26 Imperial Age
JIANG
0:27 Loom
11:03 Feudal Age
11:35 Horse Collar
16:30 Castle Age
14:40 Double-Bit Axe
16:39 Wheelbarrow
18:44 Bow Saw
18:36 Heavy Plow
25:37 Hand Cart
26:01 Town Watch
27:22 Gold Mining
27:23 Stone Mining
27:37 Scale Mail Armor
27:47 Forging
Gunslinger
10:53 Feudal Age
11:44 Double-Bit Axe
15:14 Castle Age
14:04 Loom
25:37 Imperial Age
巨大的问号
0:40 Loom
9:50 Feudal Age
14:13 Castle Age
12:38 Double-Bit Axe
12:56 Horse Collar
15:17 Bow Saw
22:19 Wheelbarrow
21:57 Bow Saw
21:50 Heavy Plow
25:38 Imperial Age
23:06 Stone Mining
23:18 Gold Mining
24:40 Stone Shaft Mining
25:28 Hand Cart
26:01 Gold Shaft Mining
27:33 Two-Man Saw
26:25 Fletching
26:57 Ballistics
27:37 Chemistry
26:43 Padded Archer Armor
26:52 Thumb Ring
26:48 Town Watch
27:26 Bodkin Arrow
27:46 Leather Archer Armor
27:19 Capped Ram
28:36 Conscription
28:23 Bracer
mryendl2410
12:09 Feudal Age
13:34 Loom
16:12 Castle Age
14:11 Double-Bit Axe
15:24 Horse Collar
21:08 Imperial Age
20:03 Fletching
20:39 Bodkin Arrow
_LY_purplered
9:52 Feudal Age
13:42 Castle Age
12:10 Double-Bit Axe
12:06 Horse Collar
14:48 Bow Saw
14:48 Heavy Plow
18:50 Wheelbarrow
22:00 Gold Mining
23:26 Gold Shaft Mining
25:09 Hand Cart
24:52 Stone Mining
25:08 Loom
28:26 Imperial Age
26:45 Scale Barding Armor
26:51 Forging
28:02 Stone Shaft Mining
27:38 Husbandry
27:49 Bloodlines
28:01 Chain Barding Armor
27:27 Treadmill Crane
28:31 Town Watch
piecardinap
11:51 Feudal Age
13:04 Double-Bit Axe
13:01 Horse Collar
16:08 Castle Age
15:18 Gold Mining
19:59 Wheelbarrow
22:37 Bow Saw
22:53 Stone Mining
24:46 Loom
26:22 Bloodlines
27:43 Husbandry
Vic
7:04 Loom
9:42 Feudal Age
14:08 Castle Age
12:23 Double-Bit Axe
15:04 Wheelbarrow
14:14 Horse Collar
17:34 Wheelbarrow
25:49 Treadmill Crane
28:52 Imperial Age
27:41 Bow Saw
28:23 Fortified Wall
28:41 Hand Cart
28:31 Squires
Connection lost

Rejoining the realm…

Still unreachable

The connection could not be restored.

Session expired

The server has moved on; the page needs a fresh start.